 Dungeon Crawl Stone Soup version 0.24-a0-317-g5cb8de4 (webtiles) character file.

Game seed: 659295041606267766

80 MisterFreud the Sneak (level 4, -1/19 HPs)
             Began as a Felid Transmuter on May 16, 2019.
             Slain by an adder (2 damage)
             ... on level 2 of the Dungeon.
             The game lasted 00:07:44 (3056 turns).

MisterFreud the Sneak (Felid Transmuter)            Turns: 3056, Time: 00:07:45

Health: -1/19      AC:  1    Str:  6    XL:     4   Next: 18%
Magic:  0/9        EV: 18    Int: 15    God:
Gold:   90         SH:  0    Dex: 16    Spells: 2/8 levels left
                                        Lives:  0   Deaths: 1

rFire    . . .     SeeInvis +     - Unarmed
rCold    . . .     Gourm    .   (shield unavailable)
rNeg     . . .     Faith    .   (armour unavailable)
rPois    .         Spirit   .   (helmet unavailable)
rElec    .         Reflect  .   (cloak unavailable)
rCorr    .         Harm     .   (gloves unavailable)
MR       .....                  (boots unavailable)
Stlth    +++.......             (no amulet)
HPRegen  0.06/turn              (no ring)
MPRegen  0.11/turn              (no ring)

@: lethally poisoned (-1 -> -11), very slightly contaminated, quick
A: very small, no armour, no weapons or thrown items, stealth, claws 1, fangs 3,
see invisible, carnivore, speed 1, shaggy fur 1, slow metabolism 1, sharp paws
a: no special abilities


You were on level 2 of the Dungeon.
You were very full.

You visited 1 branch of the dungeon, and saw 4 of its levels.

You collected 180 gold pieces.
You spent 90 gold pieces at shops.

Inventory:

Missiles
 a - 22 arrows
Scrolls
 b - a scroll of noise {unknown}
 d - a scroll of fog {unknown}
 e - a scroll of identify {unknown}
 g - a scroll of fear {unknown}
 h - a scroll of remove curse {unknown}
 i - a scroll of teleportation {unknown}
 l - a scroll of enchant armour {unknown}
 n - a scroll of blinking {unknown}
Potions
 f - a potion of heal wounds {unknown}
 j - a potion of degeneration {unknown}
 k - a potion of berserk rage
 m - a potion of curing
Comestibles
 c - 7 rations
 o - a chunk of flesh


   Skills:
 - Level 1.0 Fighting
 - Level 2.6 Dodging
 * Level 4.9 Stealth
 - Level 3.0 Unarmed Combat
 + Level 2.9 Spellcasting
 + Level 3.4 Transmutations


You had 2 spell levels left.
You knew the following spells:

 Your Spells              Type           Power        Failure   Level  Hunger
a - Beastly Appendage     Tmut           ##....       4%          1    #......
b - Sticks to Snakes      Tmut           ##......     8%          2    ##.....
c - Spider Form           Tmut/Pois      #.........   30%         3    ###....

Your spell library contained the following spells:

 Spells                   Type           Power        Failure   Level  Hunger
 Ice Form                 Ice/Tmut       #.......     69%         4    #####..
 Blade Hands              Tmut           ##........   80%         5    ######.


Dungeon Overview and Level Annotations

Branches:
Dungeon (4/15)
 Temple: D:4-7

Altars:
Zin


Innate Abilities, Weirdness & Mutations

You cannot wear armour.
You are incapable of wielding weapons or throwing items.
Your paws allow you to move quietly. (Stealth)
You have sharp claws.
You have razor-sharp teeth.
You have supernaturally acute eyesight. (SInv)
You are carnivorous and can eat meat at any time.
You cover ground quickly.
You are covered in fur. (AC +1)
You have a slow metabolism.
Your sharp claws are effective at attacking unaware monsters.


Message History

The adder poisons you! The adder completely misses you.
You climb upwards.
You feel sick.
There is a stone staircase leading down here.
Casting: Spider Form (safe; 30% risk of failure)
Confirm with . or Enter, or press ? or * to list all spells.
You miscast Spider Form.
You feel weak for a moment. The adder barely misses you.
You scratch the dart slug.
The dart slug is lightly wounded.
The adder barely misses you. The dart slug closely misses you.
You scratch the adder.
The adder is moderately wounded.
You feel sick. The adder misses you.
You closely miss the adder.
The adder is moderately wounded.
The adder bites you.
* * * LOW HITPOINT WARNING * * *
You are more poisoned.
The adder poisons you! The dart slug closely misses you. The adder bites you.
You die...

####################
#.........##.......#
#.........##.......#
#.........##.......#
#.........##.......#
#..................#
##########.###'######
...............w@#
#####.####.....#S# #####.#
##..#.#.#
....#'#####..###.#
.........##......##########
.........##.####..........#
.........##.####..........#
####..(..##....'(.........#
##+##########..........#


You could see an adder and a dart slug.

Vanquished Creatures
  A worker ant (D:3)
  4 adders
  A gnoll (D:2)
  An ooze (D:2)
  2 dart slugs (D:1)
  3 orcs (D:3)
  A ball python (D:2)
  5 giant cockroaches
  5 goblins
  5 hobgoblins
  9 jackals
  A quokka (D:3)
  6 bats
  A frilled lizard (D:3)
  9 kobolds
  A leopard gecko skeleton (D:4)
  7 rats
62 creatures vanquished.

Vanquished Creatures (collateral kills)
  A gnoll (D:1)
  A ball python (D:1)
2 creatures vanquished.

Grand Total: 64 creatures vanquished

Notes
Turn   | Place    | Note
-------+----------+-------------------------------------------
     0 | D:1      | MisterFreud the Felid Transmuter began the quest for the
                  | Orb.
     0 | D:1      | Reached XP level 1. HP: 9/9 MP: 4/4
   157 | D:1      | Reached skill level 1 in Stealth
   487 | D:1      | Reached XP level 2. HP: 12/12 MP: 4/6
   529 | D:1      | Reached skill level 2 in Stealth
   755 | D:2      | Reached XP level 3. HP: 11/15 MP: 5/7
   907 | D:2      | Reached skill level 3 in Stealth
  1476 | D:2      | Learned a level 2 spell: Sticks to Snakes
  1480 | D:2      | Learned a level 3 spell: Spider Form
  1519 | D:2      | Reached XP level 4. HP: 16/19 MP: 3/8
  1731 | D:1      | Reached skill level 4 in Stealth
  2556 | D:3      | Found Zin's Purification Station.
  2558 | D:3      | Found a glowing silver altar of Zin.
  2891 | D:3      | HP: 1/28 [poisoned by a worker ant]
  2893 | D:3      | Succumbed to a worker ant's poison
  2894 | D:3      | Reached XP level 3. HP: -1/15 MP: 7/8
  2907 | D:3      | Reached XP level 4. HP: 19/19 MP: 9/9
  2926 | D:3      | Bought a potion of curing for 90 gold pieces
  3056 | D:2      | Slain by an adder

Levels and vault maps discovered:
D:1:      dpeg_arrival_concentric_ovals, layout_basic,
          hangedman_decor_clover_reticule, roderic_cross_of_infinity
D:2:      layout_basic, first_ration, st_stairs_7
D:3:      layout_basic, zin_purify, gammafunk_ghost_mausoleum, serial_curves,
          eino_curves_01, eino_curves_02, portal_sewer_entry_f,
          nicolae_ru_the_path_less_chosen
D:4:      layout_cave_pods, minmay_temple_entry_waves, serial_shops,
          shop_fountains, uniq_ijyb, uniq_sigmund, uniq_grinder

Skill      XL: |  1  2  3  4 |
---------------+-------------+-----
Stealth        | 1 2 3 4 |  4.9
Transmutations | 3 |  3.4
Fighting       | |  1.0
Dodging        | |  2.6
Unarmed Combat | |  3.0
Spellcasting   | |  2.9

Action                   |  1- 3 |  4- 6 || total
-------------------------+-------+-------++-------
Melee: Unarmed           |   101 |    65 ||   166
       Bite              |    12 |     2 ||    14
       Headbutt          |     5 |     1 ||     6
 Cast: Beastly Appendage |     9 |     4 ||    13
       Sticks to Snakes  |     1 |     3 ||     4
       Spider Form       |       |     3 ||     3
  Use: Potion            |       |     1 ||     1
 Stab: Sleeping          |    11 |     4 ||    15
  Eat: Chunk             |     9 |     9 ||    18
Armor: Skin              |     4 |     5 ||     9
Dodge: Dodged            |    69 |    55 ||   124

Table legend:
 A = Non-vault XP
 B = Vault XP
 C = Vault XP percentage of total XP
 D = Non-vault monster count
 E = Vault monster count
 F = Vault count percentage of total count
                 A         B        C        D         E       F
            +---------+---------+-------+---------+---------+-------
      Total |     199 |      13 |   6.1 |      63 |       1 |   1.6
            +---------+---------+-------+---------+---------+-------
        D:1 |      42 |       0 |   0.0 |      20 |       0 |   0.0
        D:2 |      76 |      13 |  14.6 |      23 |       1 |   4.2
        D:3 |      80 |       0 |   0.0 |      19 |       0 |   0.0
        D:4 |       1 |       0 |   0.0 |       1 |       0 |   0.0
            +---------+---------+-------+---------+---------+-------
